 Dungeon Crawl Stone Soup version 0.24.0-123-gd5b16e6ec5 (webtiles) character file.

Game seed: 15159065313961012871, levelgen mode: deterministic

98 Descartes the Twirler (level 4, -2/25 HPs)
             Began as a Deep Elf Wanderer on Jan 6, 2020.
             Slain by a gnoll
             ... wielding a cursed +0 club
              (4 damage)
             ... on level 3 of the Dungeon.
             The game lasted 00:04:16 (2885 turns).

Descartes the Twirler (Deep Elf Wanderer)           Turns: 2885, Time: 00:04:16

Health: -2/25      AC:  7    Str:  9    XL:     4   Next: 43%
Magic:  9/9        EV:  8    Int: 20    God:
Gold:   145        SH:  0    Dex: 12    Spells: 8/8 levels left

rFire    . . .     SeeInvis .   a - +2 quarterstaff
rCold    . . .     Gourm    .   (shield currently unavailable)
rNeg     . . .     Faith    .   o - +0 scale mail
rPois    .         Spirit   .   (no helmet)
rElec    .         Reflect  .   m - +0 cloak
rCorr    .         Harm     .   (no gloves)
MR       .....                  (no boots)
Stlth    ..........             l - amulet of magic regeneration
HPRegen  0.08/turn              i - ring of attention (curse)
MPRegen  0.36/turn              (no ring)

@: no status effects
A: no striking features
a: no special abilities


You were on level 3 of the Dungeon.
You were not hungry.

You visited 1 branch of the dungeon, and saw 3 of its levels.

You collected 145 gold pieces.

Inventory:

Hand Weapons
 a - a +2 quarterstaff (weapon)
Missiles
 g - 22 poisoned darts
 j - 3 atropa-tipped darts (quivered)
 k - 80 stones
 r - 27 bolts
 u - 18 sling bullets
Armour
 c - a +0 robe
 h - a +0 ring mail
 m - a +0 cloak (worn)
 o - a +0 scale mail (worn)
Jewellery
 i - a cursed ring of attention (left hand)
 l - an amulet of magic regeneration (around neck)
Scrolls
 f - 2 scrolls of random uselessness {unknown}
 n - a scroll of remove curse {unknown}
 p - 3 scrolls of teleportation {unknown}
 q - 3 scrolls of identify
 v - a scroll of magic mapping {unknown}
Potions
 b - 4 potions of curing
 e - 3 potions of magic
 s - a potion of degeneration {unknown}
Comestibles
 d - 7 rations
 t - a chunk of flesh


   Skills:
 - Level 1.5 Fighting
 + Level 3.6 Staves
   Level 2.1 Bows
 - Level 1.0 Throwing
 + Level 2.7 Dodging
 + Level 2.6 Stealth
   Level 1.0 Shields
 + Level 2.5 Spellcasting


You had 8 spell levels left.
You didn't know any spells.
Your spell library was empty.

Dungeon Overview and Level Annotations

Branches:
Dungeon (3/15)

Altars:
Makhleb


Message History

The gnoll hits you with a +0 spear.
You closely miss the gnoll.
The gnoll is heavily wounded.
The gnoll barely misses you.
You hit the gnoll.
The gnoll is almost dead.
The gnoll hits you with a +0 spear!
* * * LOW HITPOINT WARNING * * *
You barely miss the gnoll.
The gnoll is almost dead.
The gnoll hits you with a +0 spear.
* * * LOW HITPOINT WARNING * * *
You barely miss the gnoll.
The gnoll is almost dead.
The gnoll closely misses you.
You hit the gnoll.
You kill the gnoll!
You barely miss the gnoll.
The gnoll hits you with a cursed +0 club.
You die...

#> #. #. ####.#
..... #...
#.#.## #.
#@#######.
#.###g.......
####..#.########
#..........#
#.##....##.#
#.#.## # #.#g#
##.##.#g#
#.......#


You could see a gnoll.

Vanquished Creatures
  2 gnolls (D:3)
  4 adders (D:2)
  An ooze (D:2)
  3 dart slugs (D:1)
  A leopard gecko (D:1)
  2 ball pythons
  2 giant cockroaches (D:2)
  3 goblins
  A hobgoblin (D:1)
  6 kobolds
  2 bats (D:2)
  6 frilled lizards
  4 rats
37 creatures vanquished.

Notes
Turn   | Place    | Note
-------+----------+-------------------------------------------
     0 | D:1      | Descartes the Deep Elf Wanderer began the quest for the
                  | Orb.
     0 | D:1      | Descartes set off with the following items: a +2
                  | quarterstaff, 2 potions of curing, a +0 robe, a ration
     0 | D:1      | Reached XP level 1. HP: 12/12 MP: 3/3
   285 | D:1      | You fall into a shaft and drop 1 floor!
   320 | D:2      | Reached skill level 1 in Spellcasting
   325 | D:2      | Reached skill level 1 in Stealth
   325 | D:2      | Reached XP level 2. HP: 14/16 MP: 5/5
  1507 | D:2      | Reached XP level 3. HP: 20/20 MP: 7/7
  1543 | D:2      | HP: 1/20 [poisoned by an adder]
  2006 | D:2      | Found a burning altar of Makhleb.
  2339 | D:2      | Reached XP level 4. HP: 9/25 MP: 9/9
  2882 | D:3      | HP: 1/25 [gnoll/+0 spear (6)]
  2885 | D:3      | Slain by a gnoll

Levels and vault maps discovered:
D:1:      matt_arrival_grand_opening, layout_basic, minmay_pentomino_r4
D:2:      layout_loops_ring, marbit_many_paths, minmay_tall_x
D:3:      layout_loops_ring, grunt_temple_overflow_open,
          nicolae_overflow_crystal_walls, first_ration, elyvilon_altar_5

Skill      XL: |  1  2  3 |
---------------+----------+-----
Spellcasting   | 1 2 |  2.5
Stealth        | 1 2 |  2.6
Dodging        | 2 |  2.7
Fighting       | |  1.5
Staves         | |  3.6
Bows           | |  2.1
Throwing       | |  1.0
Shields        | |  1.0

Action                   |  1- 3 |  4- 6 || total
-------------------------+-------+-------++-------
Melee: Quarterstaff      |   101 |    19 ||   120
  Use: Scroll            |     3 |       ||     3
       Potion            |     1 |       ||     1
 Stab: Sleeping          |     1 |       ||     1
  Eat: Chunk             |     4 |     2 ||     6
Armor: Robe              |     4 |       ||     4
       Ring mail         |     7 |       ||     7
       Scale mail        |    28 |     7 ||    35
Dodge: Dodged            |    45 |     6 ||    51
